 Dungeon Crawl Stone Soup version 0.23.2-1-ga50397a (webtiles) character file.

Game seed: 9426890228669509906

76 TrebMcFLY the Covered (level 4, -2/29 HPs)
             Began as a Gargoyle Fighter on May 31, 2019.
             Slain by Sigmund
             ... wielding a +2 scythe of slicing
              (3 damage)
             ... on level 2 of the Dungeon.
             The game lasted 00:02:52 (1152 turns).

TrebMcFLY the Covered (Gargoyle Fighter)            Turns: 1152, Time: 00:02:53

Health: -2/29      AC: 10    Str: 20    XL:     4   Next: 32%
Magic:  4/4        EV:  8    Int:  9    God:
Gold:   62         SH:  9    Dex: 13    Spells: 3/3 levels left

rFire    + . .     SeeInvis .   a - +0 flail
rCold    . . .     Gourm    .   c - +0 shield
rNeg     + . .     Faith    .   b - +0 scale mail
rPois    ∞         Spirit   .   (no helmet)
rElec    +         Reflect  .   (no cloak)
rCorr    .         Harm     .   (no gloves)
MR       .....                  (no boots)
Stlth    ..........             (no amulet)
HPRegen  0.09/turn              e - ring of protection from fire
MPRegen  0.09/turn              k - +4 ring of dexterity

@: no status effects
A: negative energy resistance 1, electricity resistance, unbreathing,
petrification resistance, rot immunity, AC +3
a: no special abilities


You were on level 2 of the Dungeon.
You were not hungry.

You visited 1 branch of the dungeon, and saw 2 of its levels.

You collected 62 gold pieces.

Inventory:

Hand Weapons
 a - a +0 flail (weapon)
Armour
 b - a +0 scale mail (worn)
 c - a +0 shield (worn)
Jewellery
 e - a ring of protection from fire (left hand)
 k - a +4 ring of dexterity (right hand)
Scrolls
 g - 2 scrolls of identify {unknown}
 h - 2 scrolls of remove curse {unknown}
 j - a scroll of teleportation {unknown}
 l - a scroll of fog {unknown}
 m - a scroll of amnesia {unknown}
Potions
 d - a potion of might
 i - a potion of resistance {unknown}
 o - a potion of curing {unknown}
 p - a potion of magic {unknown}
Comestibles
 f - 6 rations


   Skills:
 + Level 3.7 Fighting
 * Level 3.0 Maces & Flails
 + Level 3.8 Armour
 + Level 1.0 Dodging
 + Level 3.7 Shields


You had 3 spell levels left.
You didn't know any spells.
Your spell library was empty.

Dungeon Overview and Level Annotations

Branches:
Dungeon (2/15)

Altars:

Annotations:
D:2 Natasha, Sigmund


Innate Abilities, Weirdness & Mutations

You are resistant to torment.
Your stone body is resilient. (AC +3)
You are immune to poison.
You resist negative energy. (rN+)
You are resistant to electric shocks. (rElec)
You can survive without breathing.
You are immune to petrification.
You are immune to rotting.


Message History

The crimson imp hits you but does no damage.
You closely miss Sigmund.
Sigmund is severely wounded.
Sigmund gestures wildly while chanting.
Sigmund flickers and vanishes!
Deactivating autopickup; reactivate with Ctrl-A.
Natasha casts a spell.
The crimson imp hits you.
* * * LOW HITPOINT WARNING * * *
You closely miss something. Something hits you.
* * * LOW HITPOINT WARNING * * *
x2 The crimson imp blinks! x2
You barely miss something. Something hits you but does no damage.
The crimson imp blinks!
You block Natasha's attack.
You closely miss something.
Natasha growls.
Natasha claws you.
* * * LOW HITPOINT WARNING * * *
Something hits you.
You die...

...##..#######...#.#.....
###.......... ...#.#.....
#.##......# #..#.#.....
#§.....####.....#'###
#.5..@.##....#......#
#......##.##....#.#.#
#5## #.##.#.##...# #h{#
#.##.#...#### ##@##
#.##.#.#.# #..#
#.##.#.#.#
##.###.##.#.#.#
#..##.##...#..
##.##......#.#
#######.#######.######
..............#.......
..........###.#.######
..........# #.#.#.....


You could see Natasha, a crimson imp and a shadow imp.

Vanquished Creatures
  Natasha (twice) (D:2)
  3 bats (D:1)
  2 giant cockroaches
  A goblin (D:1)
  5 hobgoblins (D:1)
  A ball python (D:1)
  2 frilled lizards (D:1)
  4 kobolds (D:1)
  4 rats (D:1)
24 creatures vanquished.

Notes
Turn   | Place    | Note
-------+----------+-------------------------------------------
     0 | D:1      | TrebMcFLY the Gargoyle Fighter began the quest for the Orb.
     0 | D:1      | Reached XP level 1. HP: 14/14 MP: 1/1
   185 | D:1      | Reached XP level 2. HP: 19/19 MP: 2/2
   742 | D:2      | Reached XP level 3. HP: 23/23 MP: 3/3
   752 | D:2      | Noticed Natasha
   765 | D:2      | Killed Natasha
   875 | D:2      | Noticed Natasha
   888 | D:2      | Killed Natasha
   888 | D:2      | Reached skill level 1 in Dodging
   888 | D:2      | Reached XP level 4. HP: 12/29 MP: 4/4
  1133 | D:2      | Noticed Sigmund
  1141 | D:2      | Noticed Natasha
  1152 | D:2      | HP: 1/29 [Natasha (1)]
  1152 | D:2      | Slain by Sigmund

Skill      XL: |  1  2  3 |
---------------+----------+-----
Maces & Flails | 3 |  3.0
Dodging        | 1 |  1.0
Fighting       | |  3.7
Armour         | |  3.8
Shields        | |  3.7

Action                   |  1- 3 |  4- 6 || total
-------------------------+-------+-------++-------
Melee: Flail             |   128 |    13 ||   141
  Eat: Chunk             |       |     1 ||     1
Armor: Scale mail        |    85 |     5 ||    90
Dodge: Dodged            |    50 |     3 ||    53
Block: Shield            |    82 |     2 ||    84
